 Dungeon Crawl Stone Soup version 0.19.0-9-gfd783f2 (webtiles) character file.

466316 uglyjohn the Champion of Chaos (level 23, -15/190 HPs)
             Began as a Demonspawn Fighter on Nov 4, 2016.
             Was the Champion of Makhleb.
             Killed from afar by a deep elf annihilator (52 damage)
             ... with a crystal spear
             ... on level 3 of the Elven Halls on Nov 7, 2016.
             The game lasted 03:56:33 (49927 turns).

uglyjohn the Champion of Chaos (DsFi)              Turns: 49927, Time: 03:56:33

Health: -15/190    AC: 45    Str: 25      XL:     23   Next: 45%
Magic:  0/38       EV:  9    Int: 11 (13) God:    Makhleb [******]
Gold:   3499       SH: 26    Dex: 20      Spells: 1 memorised, 21 levels left

rFire  + + +     SeeInvis +     b - +4 broad axe of Scorn {drain, MR++}
rCold  + + +     Gourm    .     p - +7 gold dragon scales
rNeg   + . .     Faith    .     w - +7 large shield of the Demon Prince {rPois rC+ Str+4}
rPois  +         Spirit   +     (helmet unavailable)
rElec  .         Reflect  .     E - +2 cloak {rPois}
rCorr  +         Harm     .     V - +2 pair of gloves {Dex+3}
MR     +++..                    N - +2 pair of boots {Fly}
Stlth  ..........               I - amulet of guardian spirit
                                t - ring "Jotuuf" {rCorr rF+ rN+ Stlth+}
                                g - ring of protection from fire

@: sanguine armour, flying
A: antennae 3, agile 1, blurry vision 1, cold resistance 1, deformed body,
demonic guardian 3, passive freeze, spiny 3, wild magic 1, freezing cloud
immunity, sanguine armour 3
a: Minor Destruction, Lesser Servant of Makhleb, Major Destruction, Greater
Servant of Makhleb, Renounce Religion, Stop Flying
}: 2/15 runes: decaying, gossamer


You were on level 3 of the Elven Halls.
You worshipped Makhleb.
Makhleb was exalted by your worship.
You were very hungry.

You visited 9 branches of the dungeon, and saw 43 of its levels.
You visited the Abyss 2 times.
You also visited: Labyrinth, Volcano and Wizlab.

You collected 6172 gold pieces.
You spent 2673 gold pieces at shops.

Inventory:

Hand Weapons
 b - the +4 broad axe of Scorn (weapon) {drain, MR++}
   (You acquired it on level 2 of the Lair of Beasts)

   A truly terrible weapon, it drains the life of those it strikes.
   It affects your resistance to hostile enchantments.
Armour
 p - +7 gold dragon scales (worn)
 w - the +7 large shield of the Demon Prince (worn) {rPois rC+ Str+4}
   (You took it off a minotaur in a labyrinth)

   It affects your strength (+4).
   It protects you from cold.
   It protects you from poison.
 z - the +6 chain mail of Noddur {Dex+3}
   (You found it on level 3 of the Swamp)

   It affects your dexterity (+3).
 D - a +2 pair of boots of running
 E - a +2 cloak of poison resistance (worn)
 N - a +2 pair of boots of flying (worn)
 V - a +2 pair of gloves of dexterity (worn)
Rods
 d - a +2 rod of ignition (12/12)
   (You took it off a minotaur in a labyrinth)
 k - a +5 rod of shadows (12/12)
   (You found it in a wizard's laboratory)
 H - a +9 rod of inaccuracy (16/16)
   (You found it in a labyrinth)
Jewellery
 a - a +2 ring of slaying
 g - a ring of protection from fire (left hand)
 h - an uncursed ring of positive energy
 t - the ring "Jotuuf" (right hand) {rCorr rF+ rN+ Stlth+}
   (You took it off a minotaur in a labyrinth)

   [ring of resist corrosion]

   It protects you from fire.
   It protects you from negative energy.
   It makes you more stealthy.
 I - an amulet of guardian spirit (around neck)
 W - a +3 ring of evasion
Wands
 x - a wand of acid (7/15)
 B - a wand of teleportation (2/9)
 F - a wand of acid (7/15)
 G - a wand of teleportation (4/9)
 P - a wand of disintegration (5/24)
 Q - a wand of heal wounds (6/9)
 R - a wand of acid (2/15)
 X - a wand of disintegration (17/24)
 Y - a wand of digging (16/24)
Scrolls
 c - a scroll of amnesia
 e - 4 scrolls of recharging
 j - 2 scrolls of identify
 l - 6 scrolls of fog
 m - 16 scrolls of remove curse
 s - 7 scrolls of teleportation
 y - a scroll of enchant weapon
 A - 6 scrolls of fear
 C - 9 scrolls of magic mapping
 K - 6 scrolls of summoning
 M - 3 scrolls of blinking
 Z - a scroll of brand weapon
Potions
 i - 12 potions of brilliance
 n - 10 potions of heal wounds
 r - a potion of invisibility
 v - 6 potions of might
 J - 27 potions of curing
 L - 2 potions of resistance
 O - a potion of berserk rage
 S - 6 potions of agility
 T - 3 potions of magic
 U - 8 potions of haste
Comestibles
 f - 17 bread rations
 o - 32 fruits
 q - 6 royal jellies
 u - 18 meat rations


   Skills:
 + Level 18.1 Fighting
 - Level 18.0 Axes
 - Level 17.0 Armour
 - Level 10.0 Dodging
 - Level 10.1 Shields
 - Level 23.7 Invocations
 - Level 14.0 Evocations


You had 21 spell levels left.
You knew the following spells:

 Your Spells              Type           Power        Failure   Level  Hunger
a - Apportation           Tloc           #.........   100%        1    ##.....


Dungeon Overview and Level Annotations

Branches:
Dungeon (15/15)            Temple (1/1) D:5            Lair (6/6) D:8
  Swamp (4/4) Lair:4       Spider (4/4) Lair:4        Slime (0/5) Lair:6
    Orc (2/2) D:12            Elf (3/3) Orc:2        Vaults (3/5) D:14
  Crypt (0/3) Vaults:2     Depths (5/5) D:15            Zot (0/5) Depths:5

Altars:
Ashenzari
Cheibriados
Dithmenos
Elyvilon
Fedhas
Gozag
Hepliaklqana
Kikubaaqudgha
Makhleb
Okawaru
Ru
Sif Muna
Trog
Uskayaw
Vehumet
Xom
Yredelemnul
Zin
The Shining One
Beogh
Jiyva

Shops:
D:8 !   Orc:2 [(}[   Elf:2 :   Vaults:1 !   Vaults:2 (   Depths:1 !
Depths:3 }   Depths:5 (!

Portals:
Hell: Depths:1 Depths:2 Depths:3 Depths:4 Depths:5
Abyss: Depths:4
Pandemonium: Depths:3
Ziggurat: Depths:2

Annotations:
Lair:1 exclusion: oklob plant
Lair:2 exclusion: oklob plant


Innate Abilities, Weirdness & Mutations

You have a pair of large antennae on your head. (SInv)
Your flesh is cold resistant. (rC+)
A powerful demonic guardian rushes to your aid.
A frigid envelope surrounds you and freezes all who hurt you.
You are completely covered in sharp spines.
You are immune to freezing clouds.
When seriously injured, your bleeding wounds create very thick armour. (AC +12)
You are agile. (Dex +2)
Scrolls take you a little longer to read.
Armour fits poorly on your strangely shaped body.
Your spells are a little harder to cast, but a little more powerful.


Message History

a long sword; a glittering zirconium amulet; an elf corpse You are too injured to fight recklessly!
You are too injured to fight recklessly!
You are too injured to fight recklessly!
The deep elf annihilator gestures at you while chanting.
You block the iron shot.
The deep elf mage mumbles some strange words.
The deep elf mage blinks!
Items here: )) = ? [ †
There are monsters nearby!
You are too injured to fight recklessly!
You are too injured to fight recklessly!
You block the deep elf annihilator's attack.
The deep elf mage casts a spell.
Items here: ( )) [ †† You slice the deep elf annihilator!!
The deep elf annihilator is moderately wounded.
The deep elf annihilator points at you and mumbles some strange words.
The crystal spear hits you!
You die...

##### *,,****,,,§...,,,,****,,*
....# *,**,,,,,,*#)#*,,,,,***,*
###.##*,*,,,,,***#)###*,,,{,*,* #
#..#*,,,,,***###)#.#***,,,{,*
###.##*,,,*** #.#)#.# ***,,,*
....# *,*** #.#)#.# ***,* ..###
*** #)#s#.# *** ..#
###########.)).# *## #####
..####.)....)..#@)e.###.# #.#.##
.......#######.#e[(s)...###..#.##
..####.# #)#(..[........###.#
.......# #####[#(......###.#...#(
.......###.⌠.##........##.##...##
.......##.....##.....[.###.#...#,
.......##⌠.<.⌠##.......####.###.#
...###.##.....#..............#,##
...###..##..)##.....#######.#.#*


You could see a deep elf annihilator, a demonic crawler, a deep elf mage and a
redback.

Vanquished Creatures
  Frederick (Depths:4)
  the Lernaean hydra (Swamp:4)
  3 golden dragons
  A profane servitor (Abyss:4)
  A Hellbinder (WizLab)
  The ghost of NathanJames the Slayer, an adept HOFi of the Shining One (Elf:3)
  2 liches
  A quicksilver dragon (Depths:2)
  A titan (Depths:2)
  2 deep elf blademasters (Elf:3)
  Asterion (Elf:1)
  A deep elf master archer (Elf:3)
  2 sphinxes
  An Executioner (Abyss:3)
  A shadow dragon (Depths:5)
  A storm dragon (Depths:5)
  A thorn hunter (Swamp:4)
  3 tengu reavers
  8 frost giants
  7 fire giants
  An iron dragon (Depths:4)
  2 ghost moths (Spider:4)
  2 juggernaut zombies (Depths:3)
  3 balrugs
  8 deep elf sorcerers
  A deep elf elementalist (Abyss:3)
  Aizul (Swamp:3)
  2 vault wardens
  2 emperor scorpions (Spider:4)
  Louise (Spider:2)
  A draconian scorcher (Depths:5)
  An orc warlord (Orc:2)
  A spriggan defender (Depths:3)
  7 ironheart preservers
  6 reapers
  A draconian annihilator (Depths:5)
  21 very ugly things
  6 entropy weavers
  17 stone giants
  3 juggernaut skeletons
  2 black draconians (Depths:5)
  5 deep elf annihilators
  2 green draconians (Depths:5)
  6 deep elf demonologists
  A vampire knight (Depths:4)
  A lorocyproca (WizLab)
  A yellow draconian (Depths:5)
  9 ettins
  8 spark wasps
  A green death (WizLab)
  An eidolon (Abyss:4)
  5 fire dragons
  2 blizzard demons
  10 deep elf death magi
  A minotaur (Lab)
  2 jiangshi
  8 ogre magi
  Fannar (Lair:3)
  4 deep elf high priests
  The ghost of mg7810 the Cleaver, a journeyman MiFi of Okawaru (Orc:1)
  8 great orbs of eyes
  11 yaktaur captains
  5 rakshasas
  12 hydras
  5 vault guards
  11 ice dragons
  3 spriggan air magi (Depths:4)
  A juggernaut simulacrum (Depths:3)
  Erica (Orc:1)
  5 alligators
  4 centaur warriors
  22 dancing weapons
  11 deep troll shamans
  A death knight (Vaults:3)
  4 death scarabs (Spider:4)
  17 deep troll earth magi
  8 tengu warriors
  2 thrashing horrors (Abyss:3)
  Urug (D:14)
  2 vampire magi
  4 hell hogs
  4 orc high priests (Orc:2)
  6 hell knights (Depths:3)
  A titan zombie (Depths:3)
  A death yak (Lair:3)
  22 deep elf knights
  8 sun demons
  4 spriggan berserkers
  A wretched star (Abyss:2)
  4 soul eaters
  A titan skeleton (Depths:3)
  A skeletal warrior (D:14)
  Sonja (D:14)
  A sixfirhy (Abyss:3)
  2 shadow wraiths
  A spectral emperor scorpion (Spider:4)
  2 spatial maelstroms (Abyss:3)
  A gelid demonspawn (Depths:3)
  3 iron trolls
  A torturous demonspawn (Depths:3)
  A deep troll (shapeshifter) (Depths:3)
  An unseen horror (shapeshifter) (Depths:2)
  31 deep trolls
  4 unseen horrors
  3 golden dragon zombies
  A spriggan druid (Swamp:4)
  10 swamp dragons
  An entropy weaver zombie (Vaults:2)
  A lindwurm (shapeshifter) (Depths:2)
  A shambling mangrove (Swamp:4)
  3 spectral wolf spiders (Spider:4)
  10 deep elf archers
  10 ironbrand convokers
  A sphinx zombie (Vaults:2)
  3 tengu zombies
  A harpy (Vaults:3)
  5 glowing orange brains
  3 shadow dragon zombies (Depths:3)
  A flayed ghost (Vaults:1)
  3 wolf spider zombies (Spider:4)
  6 hill giants
  7 wizards
  8 necromancers
  A harpy (shapeshifter) (Abyss:3)
  52 deep elf magi
  18 wolf spiders
  An iron dragon zombie (Depths:3)
  6 orb spiders
  3 tengu skeletons (Depths:3)
  A mana viper (shapeshifter) (Depths:4)
  12 orc knights
  4 cyclopes
  A moth of wrath (shapeshifter) (Elf:3)
  A manticore (D:15)
  19 ugly things
  7 orc sorcerers
  A sphinx skeleton (Depths:4)
  4 moths of wrath (Spider:4)
  2 frost giant zombies (Depths:3)
  A guardian serpent (Lair:6)
  11 elephants
  A black mamba (shapeshifter) (Depths:5)
  A centaur zombie (D:12)
  A guardian serpent (shapeshifter) (Depths:2)
  A rust devil (WizLab)
  5 spectral swamp worms (Depths:5)
  2 elf zombies (Depths:3)
  A fire giant skeleton (Depths:3)
  7 vault sentinels
  2 eyes of devastation
  2 smoke demons (Abyss:3)
  11 black mambas
  2 spriggan zombies (Depths:3)
  20 spiny frogs
  A torpor snail (Spider:1)
  An apocalypse crab (Abyss:2)
  3 gargoyles
  A hellion (WizLab)
  2 rime drakes
  A titan simulacrum (Depths:3)
  A molten gargoyle (Volcano)
  A yaktaur zombie (Vaults:3)
  5 freezing wraiths
  A komodo dragon (shapeshifter) (Vaults:3)
  An efreet (Volcano)
  4 ice devils
  3 spectral redbacks (Spider:4)
  8 komodo dragons
  5 ancient zymes
  39 yaktaurs
  3 kobold demonologists
  17 demonic crawlers
  4 red devils (Elf:2)
  2 elf skeletons (Depths:3)
  A queen bee (Lair:3)
  5 trolls
  A meliai (shapeshifter) (Vaults:1)
  2 tengu conjurers (Depths:1)
  28 jumping spiders
  21 hornets
  A yaktaur skeleton (Vaults:3)
  2 spectral tarantellas (Spider:4)
  A polar bear (Lair:6)
  2 trolls (shapeshifter)
  A two-headed ogre (shapeshifter) (Depths:1)
  A hornet (shapeshifter) (Vaults:2)
  A tengu simulacrum (Depths:3)
  A jumping spider (shapeshifter) (Depths:2)
  6 tyrant leeches
  15 two-headed ogres
  16 blink frogs
  2 spectral jumping spiders (Spider:4)
  9 bog bodies
  2 tarantella zombies (Spider:4)
  6 jumping spider zombies (Spider:4)
  A hippogriff (shapeshifter) (Elf:1)
  17 slime creatures
  A fire giant simulacrum (Depths:3)
  An ettin zombie (Depths:3)
  7 hippogriffs
  A slime creature (shapeshifter) (Depths:5)
  3 raiju (Abyss:2)
  A raiju (shapeshifter) (Depths:2)
  An ettin skeleton (Abyss:3)
  73 redbacks
  A flying skull (Abyss:3)
  6 wyverns (Lair:6)
  A centaur simulacrum (D:13)
  5 water elementals (Depths:2)
  A hog (D:7)
  A shadow (Swamp:3)
  7 air elementals
  A spriggan skeleton (Depths:3)
  3 wraiths
  7 spriggans
  36 tarantellas
  24 yaks
  6 fire bats (Volcano)
  A fire elemental (Elf:2)
  5 hungry ghosts
  A chaos spawn (Depths:3)
  3 neqoxecs (Abyss:3)
  12 vampire mosquitoes
  2 spatial vortices (Abyss:3)
  2 wargs
  11 insubstantial wisps
  20 swamp worms
  8 large abominations
  9 hell hounds (Depths:3)
  5 porcupines
  2 spectral hornets (Spider:4)
  A floating eye (Depths:2)
  A floating eye (shapeshifter) (Depths:2)
  24 water moccasins
  A swamp drake (shapeshifter) (Depths:2)
  50 orc warriors
  14 swamp drakes
  An ice beast (D:11)
  A porcupine (shapeshifter) (Depths:1)
  2 eyes of draining (D:14)
  An orc zombie (Vaults:2)
  A black bear (Lair:2)
  6 starcursed masses (Abyss:3)
  3 sky beasts
  3 necrophages
  An ogre (shapeshifter) (D:15)
  A phantom (D:11)
  7 boggarts
  A hornet zombie (Spider:4)
  11 centaurs
  36 ogres
  15 wolves
  A snapping turtle skeleton (Abyss:4)
  10 crocodiles
  7 small abominations
  3 big kobolds
  10 bullfrogs
  4 earth elementals
  A water moccasin zombie (D:8)
  A wyvern skeleton (D:11)
  3 human skeletons
  4 scorpions
  30 killer bees
  6 wights
  3 electric eels
  8 crimson imps
  3 bullfrog zombies
  5 lava snakes (Volcano)
  2 quasits
  2 hounds
  Crazy Yiuf (D:5)
  2 bullfrog skeletons
  21 orc priests
  10 centaur skeletons
  22 orc wizards
  3 iguanas
  9 hell rats
  14 worker ants
  A killer bee zombie (D:7)
  2 hound skeletons
  Robin (D:4)
  3 gnolls (D:4)
  18 adders
  2 river rats (Lair:6)
  3 shadow imps
  An ufetubus (Abyss:3)
  5 adder skeletons
  An adder zombie (D:9)
  2 worms
  2 dart slugs
  6 leopard geckos
  125 orcs
  7 giant cockroaches
  16 goblins
  9 hobgoblins
  2 jackals (D:6)
  6 kobolds
  6 quokkas
  A ball python (D:4)
  8 bats
  3 frilled lizards
  13 rats
  A bush (Lair:2)
  3 crawling corpses (Depths:4)
  7 plants
1850 creatures vanquished.

Vanquished Creatures (collateral kills)
  Nikola (Spider:1)
  A Tzitzimitl (Depths:3)
  Rupert (Lair:3)
  A deep elf master archer (Elf:3)
  A sphinx (Vaults:3)
  Frances (Swamp:1)
  A thorn hunter (Swamp:4)
  A cacodemon (Abyss:3)
  A deep elf sorcerer (Elf:3)
  3 vault wardens
  2 emperor scorpions
  2 ironheart preservers
  5 very ugly things
  2 stone giants (Depths:1)
  2 deep elf annihilators (Elf:3)
  A mottled draconian (Depths:5)
  2 deep elf death magi
  2 yaktaur captains
  3 fire dragons
  An ice dragon (Depths:2)
  A jiangshi (Depths:1)
  6 hydras
  A centaur warrior (Depths:2)
  4 death scarabs (Spider:4)
  4 death yaks (Lair:3)
  2 deep troll shamans
  4 deep troll earth magi
  An alligator (Swamp:2)
  A hell hog (Depths:3)
  A spriggan berserker (Depths:3)
  An orc high priest (Orc:2)
  A deep elf knight (Elf:3)
  A soul eater (WizLab)
  5 swamp dragons (Swamp:4)
  4 deep trolls
  An orc knight (D:15)
  2 large abominations (Abyss:3)
  2 hill giants
  2 deep elf archers
  A harpy (Vaults:3)
  3 ironbrand convokers
  A necromancer (Vaults:2)
  2 orb spiders
  A wolf spider (Spider:4)
  8 ugly things
  8 deep elf magi
  An oklob plant (Lair:1)
  2 elephants (Lair:6)
  A black mamba (Lair:6)
  A vault sentinel (Vaults:3)
  A spiny frog (Lair:6)
  2 torpor snails
  2 gargoyles
  2 komodo dragons
  3 yaktaurs
  The ghost of Yore the Poker, an amateur MiGl (D:4)
  A hornet (Swamp:3)
  2 jumping spiders
  A spectral tarantella (Spider:4)
  A hippogriff (D:8)
  3 blink frogs (Lair:6)
  3 spriggans (Swamp:3)
  8 redbacks
  A wyvern (Lair:2)
  2 tarantellas
  9 yaks
  A water elemental (Depths:2)
  3 hogs (D:7)
  A human (D:7)
  3 vampire mosquitoes (Swamp:2)
  Menkaure (D:6)
  An insubstantial wisp (Swamp:2)
  A small abomination (Abyss:4)
  5 water moccasins
  A floating eye (shapeshifter) (Depths:2)
  A porcupine (Lair:1)
  3 swamp drakes
  7 orc warriors
  A swamp drake (shapeshifter) (Vaults:3)
  A sky beast (D:9)
  An ogre (Vaults:1)
  A crocodile (Lair:5)
  3 wolves
  4 bullfrogs
  A glowing shapeshifter simulacrum (Depths:3)
  An earth elemental (Volcano)
  A killer bee (Lair:3)
  2 wights (D:6)
  5 orc priests
  2 iguanas (D:7)
  A worker ant (D:11)
  7 orcs
  2 kobolds (D:14)
  4 plants (Lair:2)
214 creatures vanquished.

Vanquished Creatures (others)
  A fire dragon (Depths:3)
  An iron troll (Depths:4)
  A deep elf mage (Elf:2)
  A wolf spider (Spider:4)
  A large abomination (Abyss:3)
  A blink frog (Swamp:4)
  A tarantella (Spider:1)
  A spriggan (Swamp:4)
  A swamp drake (shapeshifter) (Elf:1)
  3 starcursed masses (Abyss:3)
  An ogre (Orc:2)
  A small abomination (Abyss:2)
  6 fungi
  A lurking horror (Abyss:3)
  17 plants
38 creatures vanquished.

Grand Total: 2102 creatures vanquished

Notes
Turn   | Place    | Note
-------+----------+-------------------------------------------
     0 | D:1      | uglyjohn the Demonspawn Fighter began the quest for the Orb.
     0 | D:1      | Reached XP level 1. HP: 18/18 MP: 1/1
   117 | D:1      | Gained mutation: When seriously injured, your bleeding wounds create armour. (AC +12) [demonic ancestry]
   117 | D:1      | Reached XP level 2. HP: 22/24 MP: 2/2
   657 | D:2      | Gained mutation: You are partially covered in sharp spines. [demonic ancestry]
   657 | D:2      | Reached XP level 3. HP: 30/30 MP: 3/3
   792 | D:2      | Found a faded altar of an unknown god.
   953 | D:2      | Found a snail-covered altar of Cheibriados.
  1026 | D:2      | Gained mutation: A weak demonic guardian rushes to your aid. [demonic ancestry]
  1026 | D:2      | Reached XP level 4. HP: 37/37 MP: 4/4
  1034 | D:2      | Found an opulent altar of Gozag.
  2142 | D:3      | Noticed an ogre
  2156 | D:3      | Killed an ogre
  2156 | D:3      | Gained mutation: A demonic guardian rushes to your aid. [demonic ancestry]
  2156 | D:3      | Reached XP level 5. HP: 5/42 MP: 5/5
  2830 | D:4      | Reached skill level 5 in Axes
  2838 | D:4      | Noticed Yore's ghost (amateur MiGl)
  2861 | D:4      | Killed Yore's ghost
  2861 | D:4      | Gained mutation: You have a pair of small antennae on your head. [demonic ancestry]
  2861 | D:4      | Reached XP level 6. HP: 19/48 MP: 6/6
  3099 | D:4      | Noticed Robin
  3154 | D:4      | Killed Robin
  3350 | D:4      | Found a shadowy altar of Dithmenos.
  4008 | D:5      | Entered Level 5 of the Dungeon
  4019 | D:5      | Reached XP level 7. HP: 54/54 MP: 7/7
  4844 | D:5      | Found a runed door.
  4851 | D:5      | Noticed Crazy Yiuf
  4854 | D:5      | Killed Crazy Yiuf
  4923 | D:5      | Found a staircase to the Ecumenical Temple.
  5046 | Temple   | Entered the Ecumenical Temple
  5080 | Temple   | Became a worshipper of Makhleb the Destroyer
  5099 | D:6      | Noticed Menkaure
  5191 | D:6      | Reached skill level 1 in Invocations
  5284 | D:6      | Reached skill level 2 in Invocations
  5389 | D:6      | Killed Menkaure
  5389 | D:6      | Reached skill level 3 in Invocations
  5417 | D:6      | Gained mutation: You are mostly covered in sharp spines. [demonic ancestry]
  5417 | D:6      | Reached XP level 8. HP: 59/60 MP: 10/10
  5421 | D:6      | Reached skill level 4 in Invocations
  5540 | D:7      | Found a deep blue altar of Sif Muna.
  5561 | D:7      | Reached skill level 5 in Invocations
  5646 | D:7      | Reached skill level 6 in Invocations
  5850 | D:7      | Reached skill level 7 in Invocations
  5851 | D:7      | Reached * piety under Makhleb
  5851 | D:7      | Reached skill level 8 in Invocations
  5853 | D:7      | Reached skill level 9 in Invocations
  6356 | D:7      | Found a deep blue altar of Sif Muna.
  6371 | D:7      | Reached skill level 10 in Invocations
  6383 | D:7      | Gained mutation: When seriously injured, your bleeding wounds create thick armour. (AC +12) [demonic ancestry]
  6383 | D:7      | Reached XP level 9. HP: 65/65 MP: 16/16
  6653 | D:8      | Found a staircase to the Lair.
  6662 | D:8      | Found Qamilaj's Distillery.
  6669 | D:8      | Bought a potion of curing for 33 gold pieces
  6669 | D:8      | Bought a potion of degeneration for 11 gold pieces
  6716 | D:8      | Reached skill level 11 in Invocations
  6973 | D:8      | Found a shattered altar of Ashenzari.
  7060 | D:8      | Identified Sif Muna's Volume of Shifting Talismans
  7136 | D:8      | Found a glowing golden altar of the Shining One.
  7138 | D:8      | Found a shadowy altar of Dithmenos.
  7293 | D:8      | You fall through a shaft!
  7344 | D:9      | Reached skill level 12 in Invocations
  7467 | D:9      | Reached ** piety under Makhleb
  7546 | D:9      | Reached skill level 13 in Invocations
  8193 | D:10     | Entered Level 10 of the Dungeon
  8300 | D:10     | Noticed a four-headed hydra
  8302 | D:10     | Killed a four-headed hydra
  8302 | D:10     | Reached skill level 5 in Fighting
  8302 | D:10     | Reached XP level 10. HP: 74/74 MP: 20/20
  8386 | D:10     | Reached skill level 14 in Invocations
  8419 | D:10     | Noticed a hill giant
  8423 | D:10     | Killed a hill giant
  8770 | D:11     | Noticed a purple ugly thing
  8778 | D:11     | Killed a purple ugly thing
  8965 | D:11     | Noticed a green ugly thing
  8967 | D:11     | Reached skill level 15 in Invocations
  8977 | D:11     | Killed a green ugly thing
  9187 | D:11     | Reached *** piety under Makhleb
  9288 | D:11     | Noticed a hill giant
  9295 | D:11     | Killed a hill giant
  9387 | D:11     | Noticed a gargoyle
  9408 | D:11     | Killed a gargoyle
  9724 | D:11     | Reached XP level 11. HP: 86/86 MP: 22/22
  9854 | D:12     | Gained mutation: You possess an exceptional clarity of mind. [potion of beneficial mutation]
 10054 | D:12     | Found a staircase to the Orcish Mines.
 10200 | D:12     | Reached skill level 16 in Invocations
 10510 | D:12     | Killed an unseen horror
 11003 | D:12     | Reached **** piety under Makhleb
 11187 | Lair:1   | Entered Level 1 of the Lair of Beasts
 12161 | Lair:1   | Reached skill level 17 in Invocations
 12253 | Lair:1   | Noticed an oklob plant
 12261 | Lair:1   | Killed an oklob plant
 12431 | Lair:1   | Noticed an oklob plant
 12812 | Lair:2   | Reached skill level 5 in Armour
 12817 | Lair:2   | Identified a scroll of acquirement
 12818 | Lair:2   | Got a faintly glowing broad axe
 12819 | Lair:2   | Identified the +4 broad axe of Scorn {drain, MR++} (You acquired it on level 2 of the Lair of Beasts)
 12916 | Lair:2   | Found a labyrinth entrance.
 12931 | Lab      | Entered a labyrinth
 12964 | Lab      | Gained mutation: When seriously injured, your bleeding wounds create very thick armour. (AC +12) [demonic ancestry]
 12964 | Lab      | Reached XP level 12. HP: 95/95 MP: 24/24
 13088 | Lab      | Noticed a minotaur
 13105 | Lab      | Killed a minotaur
 13107 | Lab      | Got a crude copper ring
 13114 | Lab      | Got a slimy large shield
 13147 | Lab      | Identified the +7 large shield of the Demon Prince {rPois rC+ Str+4} (You took it off a minotaur in a labyrinth)
 13147 | Lab      | Identified a +2 rod of inaccuracy (9/9) (You found it in a labyrinth)
 13271 | Lair:2   | Reached ***** piety under Makhleb
 13659 | Lair:2   | Reached skill level 18 in Invocations
 13881 | Lair:2   | Found a blossoming altar of Fedhas.
 14381 | Lair:3   | Noticed a death yak
 14394 | Lair:3   | Killed a death yak
 14498 | Lair:3   | Noticed a death yak
 14508 | Lair:3   | Killed a death yak
 14512 | Lair:3   | Noticed a death yak
 14512 | Lair:3   | Noticed a death yak
 14512 | Lair:3   | Noticed a death yak
 14531 | Lair:3   | Killed a death yak
 14535 | Lair:3   | Killed a death yak
 14541 | Lair:3   | Killed a death yak
 14877 | Lair:3   | Noticed Fannar
 14885 | Lair:3   | Killed Fannar
 14915 | Lair:3   | Identified the ring "Jotuuf" {rCorr rF+ rN+ Stlth+} (You took it off a minotaur in a labyrinth)
 15115 | Lair:3   | Noticed Rupert
 15124 | Lair:3   | Killed Rupert
 15124 | Lair:3   | Reached skill level 5 in Shields
 15690 | Lair:4   | Found a staircase to the Swamp.
 15754 | Lair:4   | Reached XP level 13. HP: 90/101 MP: 26/26
 15836 | Lair:4   | Found a hole to the Spider Nest.
 16112 | Lair:4   | Reached skill level 19 in Invocations
 16184 | Lair:4   | Identified a +2 rod of ignition (12/12) (You took it off a minotaur in a labyrinth)
 17383 | Lair:6   | Entered Level 6 of the Lair of Beasts
 17453 | Lair:6   | Found a dark tunnel.
 17501 | Volcano  | Entered a volcano
 17593 | Volcano  | Noticed a stone giant
 17620 | Volcano  | Killed a stone giant
 17704 | Volcano  | Found a bloodstained altar of Trog.
 17772 | Volcano  | Identified a +2 pair of boots of running (You found it in a volcano)
 17837 | Volcano  | Reached skill level 20 in Invocations
 17914 | Lair:6   | Reached skill level 10 in Axes
 18051 | Lair:6   | Reached ****** piety under Makhleb
 18480 | Lair:6   | Found an iron altar of Okawaru.
 18542 | Lair:6   | Reached skill level 1 in Evocations
 18544 | Lair:6   | Reached XP level 14. HP: 108/108 MP: 28/28
 18612 | Lair:6   | Found a viscous altar of Jiyva.
 18613 | Lair:6   | Found a staircase to the Slime Pits.
 19160 | Lair:6   | Reached skill level 5 in Evocations
 19590 | Orc:1    | Entered Level 1 of the Orcish Mines
 19766 | Orc:1    | Noticed mg7810's ghost (journeyman MiFi)
 19774 | Orc:1    | Killed mg7810's ghost
 19972 | Orc:1    | Found a roughly hewn altar of Beogh.
 19983 | Orc:1    | Noticed Erica
 19993 | Orc:1    | Killed Erica
 20266 | Orc:2    | Entered Level 2 of the Orcish Mines
 20500 | Orc:2    | Found a roughly hewn altar of Beogh.
 20509 | Orc:2    | Noticed an orc warlord
 20527 | Orc:2    | Killed an orc warlord
 20949 | Orc:2    | Found Fokle's Armour Shoppe.
 21108 | Orc:2    | Bought a +1 pair of gloves of dexterity for 247 gold pieces
 21290 | Orc:2    | Found a roughly hewn altar of Beogh.
 21384 | Orc:2    | Found Ceinwes's Gadget Boutique.
 21503 | Orc:2    | Bought a wand of teleportation (3/9) for 210 gold pieces
 21511 | Orc:2    | Found Reots's Antique Armour Shop.
 21954 | Orc:2    | Found a staircase to the Elven Halls.
 22159 | Orc:2    | Found Tablojy's Antique Weapon Emporium.
 22654 | D:13     | Reached skill level 10 in Shields
 23427 | D:14     | Found a shimmering altar of Xom.
 23459 | D:14     | Noticed Urug
 23476 | D:14     | Killed Urug
 23588 | D:14     | Noticed Sonja
 23605 | D:14     | Killed Sonja
 23605 | D:14     | Reached skill level 1 in Dodging
 23805 | D:14     | Gained mutation: You have a pair of antennae on your head. [demonic ancestry]
 23805 | D:14     | Reached XP level 15. HP: 113/113 MP: 29/29
 23988 | D:14     | Found a gate to the Vaults.
 24094 | D:14     | Found a white marble altar of Elyvilon.
 24210 | D:15     | Entered Level 15 of the Dungeon
 24327 | D:15     | Reached skill level 5 in Dodging
 24348 | D:15     | Found a staircase to the Depths.
 25281 | Swamp:1  | Entered Level 1 of the Swamp
 25716 | Swamp:1  | Noticed Frances
 25728 | Swamp:1  | Killed Frances
 26808 | Swamp:3  | Got a smoking chain mail
 26819 | Swamp:3  | Identified the +6 chain mail of Noddur {Dex+3} (You found it on level 3 of the Swamp)
 26877 | Swamp:3  | Reached skill level 10 in Dodging
 26957 | Swamp:3  | Noticed Aizul
 26974 | Swamp:3  | Killed Aizul
 27386 | Swamp:4  | Entered Level 4 of the Swamp
 27710 | Swamp:4  | Noticed a thorn hunter
 27719 | Swamp:4  | Killed a thorn hunter
 27741 | Swamp:4  | Gained mutation: You are completely covered in sharp spines. [demonic ancestry]
 27741 | Swamp:4  | Reached XP level 16. HP: 120/120 MP: 30/30
 28047 | Swamp:4  | Noticed a thorn hunter
 28055 | Swamp:4  | Killed a thorn hunter
 28112 | Swamp:4  | Noticed the 27-headed Lernaean hydra
 29029 | Swamp:4  | Killed the 27-headed Lernaean hydra
 29198 | Swamp:4  | Got a decaying rune of Zot
 29407 | Spider:1 | Entered Level 1 of the Spider Nest
 29706 | Spider:1 | Noticed Nikola
 29717 | Spider:1 | Killed Nikola
 30028 | Spider:2 | Noticed Louise
 30048 | Spider:2 | Killed Louise
 30057 | Spider:2 | Learned a level 1 spell: Apportation
 30411 | Spider:2 | Reached skill level 15 in Axes
 30690 | Spider:3 | Gained mutation: Your flesh is cold resistant. (rC+) [demonic ancestry]
 30690 | Spider:3 | Reached XP level 17. HP: 126/126 MP: 27/31
 31151 | Spider:4 | Entered Level 4 of the Spider Nest
 32690 | Spider:4 | Reached skill level 10 in Fighting
 33217 | Spider:4 | Got a gossamer rune of Zot
 33571 | Vaults:1 | Entered Level 1 of the Vaults
 34117 | Vaults:1 | Gained mutation: You have a pair of large antennae on your head. (SInv) [demonic ancestry]
 34117 | Vaults:1 | Reached XP level 18. HP: 140/140 MP: 32/32
 34433 | Vaults:1 | Found Ypoa's Distillery.
 34441 | Vaults:1 | Bought a potion of curing for 39 gold pieces
 34441 | Vaults:1 | Bought a potion of haste for 130 gold pieces
 34441 | Vaults:1 | Bought 2 potions of curing for 78 gold pieces
 34441 | Vaults:1 | Bought a potion of curing for 39 gold pieces
 35022 | Vaults:2 | Found a staircase to the Crypt.
 35022 | Vaults:2 | Found a basalt altar of Yredelemnul.
 35023 | Vaults:2 | Found an ancient bone altar of Kikubaaqudgha.
 35167 | Vaults:2 | Found Fitzecw's Antique Weapon Shop.
 36340 | Vaults:3 | Reached skill level 15 in Fighting
 36928 | Vaults:3 | Noticed a Brimstone Fiend
 37069 | Vaults:3 | Gained mutation: You are immune to freezing clouds. [demonic ancestry]
 37069 | Vaults:3 | Reached XP level 19. HP: 130/155 MP: 26/33
 37566 | Depths:1 | Entered Level 1 of the Depths
 37576 | Depths:1 | Found Usewkon's Distillery.
 37586 | Depths:1 | Reached skill level 10 in Evocations
 37605 | Depths:1 | Bought 2 potions of curing for 108 gold pieces
 37605 | Depths:1 | Bought a potion of haste for 180 gold pieces
 37605 | Depths:1 | Bought a potion of heal wounds for 90 gold pieces
 37605 | Depths:1 | Bought a potion of curing for 54 gold pieces
 37605 | Depths:1 | Bought a potion of resistance for 180 gold pieces
 37634 | Depths:1 | Found a magical portal.
 37643 | WizLab   | Entered The Hall of the Hellbinder
 38045 | WizLab   | Noticed Seagehir
 38048 | WizLab   | Found a burning altar of Makhleb.
 38063 | WizLab   | Killed Seagehir the Hellbinder
 38088 | WizLab   | Identified the Grimoire of the Escort
 38099 | WizLab   | Identified a +5 rod of shadows (12/12) (You found it in a wizard's laboratory)
 38124 | WizLab   | Identified the Almanac of the Entourage
 38851 | Depths:1 | Found a gateway to Hell.
 39089 | Depths:1 | Noticed a golden dragon
 39107 | Depths:1 | Killed a golden dragon
 39748 | Depths:1 | Noticed a golden dragon
 39762 | Depths:1 | Killed a golden dragon
 40079 | Depths:2 | Reached XP level 20. HP: 90/163 MP: 16/34
 40211 | Depths:2 | Found a gateway to a ziggurat.
 40224 | Depths:2 | Paralysed by a floating eye for 2 turns
 40225 | Depths:2 | Reached skill level 10 in Armour
 40358 | Depths:2 | Found a runed door.
 40513 | Depths:2 | Identified the Almanac of Calling and Protection
 41141 | Depths:3 | Found Wekes's Gadget Boutique.
 41190 | Depths:3 | Upgraded the game from 0.19.0-2-gae57169 to 0.19.0-9-gfd783f2
 41569 | Depths:3 | Found an ancient bone altar of Kikubaaqudgha.
 42145 | Depths:3 | Gained mutation: A frigid envelope surrounds you and freezes all who hurt you. [demonic ancestry]
 42145 | Depths:3 | Reached XP level 21. HP: 169/169 MP: 28/35
 42184 | Depths:3 | Found a one-way gate leading to the halls of Pandemonium.
 42981 | Depths:3 | Cast into level 2 of the Abyss (reaper)
 43081 | Abyss:2  | Found a corrupted altar of Lugonu.
 43266 | Abyss:3  | Gained mutation: Armour fits poorly on your strangely shaped body. [a cacodemon]
 43330 | Abyss:3  | Found a corrupted altar of Lugonu.
 43410 | Abyss:3  | Lost mutation: You possess an exceptional clarity of mind. [a neqoxec]
 43615 | Abyss:3  | Reached skill level 15 in Armour
 43650 | Depths:3 | Escaped the Abyss
 44001 | Depths:4 | Paralysed by a floating eye for 4 turns
 44132 | Depths:4 | Noticed Frederick
 44148 | Depths:4 | Killed Frederick
 44377 | Depths:4 | Noticed a golden dragon
 44394 | Depths:4 | Killed a golden dragon
 44596 | Depths:4 | Reached XP level 22. HP: 176/176 MP: 34/36
 44639 | Depths:4 | Found a one-way gate to the infinite horrors of the Abyss.
 44872 | Depths:5 | Entered Level 5 of the Depths
 44973 | Depths:5 | Reached skill level 21 in Invocations
 45013 | Depths:5 | Found Umax's Distillery.
 45039 | Depths:5 | Bought a potion of haste for 130 gold pieces
 45039 | Depths:5 | Bought a potion of haste for 130 gold pieces
 45039 | Depths:5 | Bought a potion of curing for 39 gold pieces
 45039 | Depths:5 | Bought a potion of heal wounds for 65 gold pieces
 45039 | Depths:5 | Bought 2 potions of beneficial mutation for 910 gold pieces
 45039 | Depths:5 | Gained mutation: Your spells are a little harder to cast, but a little more powerful. [potion of beneficial mutation]
 45040 | Depths:5 | Gained mutation: You are agile. (Dex +2) [potion of beneficial mutation]
 45216 | Depths:5 | Reached skill level 22 in Invocations
 45326 | Depths:5 | Found Retyliurro's Antique Weapon Shop.
 45450 | Depths:5 | Found a gate to the Realm of Zot.
 46459 | Elf:1    | Entered Level 1 of the Elven Halls
 46695 | Elf:1    | Reached skill level 23 in Invocations
 46798 | Elf:1    | Noticed Asterion
 46808 | Elf:1    | Killed Asterion
 47518 | Elf:2    | Found a shimmering altar of Xom.
 47689 | Elf:2    | Found Rumpaas's Book Shop.
 48056 | Elf:2    | Found a huge runed gate.
 48062 | Elf:2    | Found a huge runed gate.
 48062 | Elf:2    | Found a huge runed gate.
 48063 | Elf:2    | Found a huge runed gate.
 48063 | Elf:2    | Found a huge runed gate.
 48287 | Elf:2    | Cast into level 4 of the Abyss (eveningstar of distortion)
 48291 | Abyss:4  | Found a corrupted altar of Lugonu.
 48324 | Abyss:4  | Found a corrupted altar of Lugonu.
 48426 | Elf:2    | Escaped the Abyss
 48665 | Elf:2    | Gained mutation: A powerful demonic guardian rushes to your aid. [demonic ancestry]
 48665 | Elf:2    | Reached XP level 23. HP: 184/184 MP: 38/38
 48781 | Elf:3    | Entered Level 3 of the Elven Halls
 48969 | Elf:3    | Noticed NathanJames's ghost (adept HOFi)
 49030 | Elf:3    | Killed NathanJames's ghost
 49874 | Elf:3    | Gained mutation: Scrolls take you a little longer to read. [a neqoxec]
 49927 | Elf:3    | Killed from afar by a deep elf annihilator

Skill      XL: |  1  2  3  4  5  6  7  8  9 10 11 12 13 14 15 16 17 18 19 20 21 22 23 |
---------------+----------------------------------------------------------------------+-----
Fighting       | 4 5 8 9 12 15 16 18 | 18.1
Axes           | 2 4 5 6 7 8 10 11 15 17 18 | 18.0
Invocations    | 3 10 13 15 17 18 20 23 | 23.7
Armour         | 5 8 9 13 16 17 | 17.0
Shields        | 5 10 | 10.1
Evocations     | 1 6 9 14 | 14.0
Dodging        | 3 10 | 10.0

Action                   |  1- 3 |  4- 6 |  7- 9 | 10-12 | 13-15 | 16-18 | 19-21 | 22-24 || total
-------------------------+-------+-------+-------+-------+-------+-------+-------+-------++-------
Melee: War axe           |    94 |   148 |   245 |   290 |       |       |       |       ||   777
       Broad axe         |       |       |       |   282 |  1372 |  1434 |  1981 |  1064 ||  6133
Invok: Minor Destruction |       |       |    27 |    93 |   119 |   203 |    46 |    62 ||   550
       Lesser Servant of |       |       |       |     3 |     1 |     1 |     2 |       ||     7
       Greater Servant o |       |       |       |       |     2 |     2 |     2 |       ||     6
Evoke: Wand              |       |       |     2 |     5 |       |     3 |     2 |     6 ||    18
       Rod               |       |       |       |       |       |     7 |       |     2 ||     9
  Use: Scroll            |       |     1 |     9 |    18 |    17 |    22 |    10 |     3 ||    80
       Potion            |       |     1 |     1 |     4 |     1 |       |       |     4 ||    11
 Stab: Distracted        |       |       |       |     2 |     7 |    12 |     6 |     9 ||    36
  Eat: Chunk             |     1 |     9 |    12 |    21 |    27 |    23 |    19 |     2 ||   114
       Pizza             |       |       |     2 |     6 |     3 |       |     1 |     1 ||    13
       Royal jelly       |       |       |       |       |     1 |     4 |     1 |       ||     6
       Beef jerky        |       |       |       |       |     5 |     1 |     1 |     2 ||     9
       Meat ration       |       |       |       |       |       |       |     1 |     2 ||     3
Armor: Scale mail        |    33 |     1 |       |       |       |       |       |       ||    34
       Chain mail        |       |    68 |   155 |   310 |   339 |   652 |   157 |       ||  1681
       Fire dragon scale |       |       |       |       |    64 |       |       |       ||    64
       Gold dragon scale |       |       |       |       |       |       |   645 |   297 ||   942
Dodge: Dodged            |    26 |    29 |    46 |    79 |   196 |   472 |   288 |   136 ||  1272
Block: Shield            |    60 |    65 |   119 |   198 |       |       |       |       ||   442
       Large shield      |       |       |       |   268 |  1608 |  2057 |  2067 |   989 ||  6989
